 Dungeon Crawl Stone Soup version 0.28-a0-706-gf6f64a616a (webtiles) character file.

Game seed: 2161618232470408869

101 KoroneIsBestGirl the Covered (level 4, -4/37 (38) HPs)
             Began as a Barachi Fighter on Oct 24, 2021.
             Was an Initiate of Ashenzari.
             Slain by a wight (11 damage)
             ... on level 4 of the Dungeon.
             The game lasted 00:02:16 (1773 turns).

KoroneIsBestGirl the Covered (Barachi Fighter)      Turns: 1773, Time: 00:02:17

HP:   -4/37 (38)    AC:  7    Str: 17    XL:     4   Next: 75%
MP:   4/4           EV:  9    Int:  9    God:    Ashenzari [......]
Gold: 141           SH:  5    Dex: 12    Spells: 3/3 levels left

rFire   . . .      SeeInvis .   e - +1 dagger (elec)
rCold   . . .      Faith    .   c - +0 buckler
rNeg    . . .      Spirit   .   b - +0 scale mail
rPois   .          Reflect  .   (no helmet)
rElec   .          Harm     .   (no cloak)
rCorr   .          Rampage  .   (no gloves)
Will    .....                   (no boots)
Stlth   ..........              (no amulet)
HPRegen 0.12/turn               (no ring)
MPRegen 0.09/turn               (no ring)

@: mighty, unable to hop, lightly drained, slow
A: amphibious, slowness 1, strong legs 1, +LOS
a: Hop, Renounce Religion


You were on level 4 of the Dungeon.
You worshipped Ashenzari.
Ashenzari was noncommittal.
You visited 1 branch of the dungeon, and saw 4 of its levels.

You collected 141 gold pieces.

Inventory:

Hand Weapons
 a - a +0 long sword
 d - the +2 double sword "Spiderslayer" {distort, rPois rF+ rC+ Stlth-}
   (You acquired it on level 4 of the Dungeon)

   It warps and distorts space around it, and may blink, banish, or inflict
   extra damage upon those it strikes.
   Unwielding it can cause banishment or high damage.
   rF:        It protects you from fire.
   rC:        It protects you from cold.
   rPois:     It protects you from poison.
   Stlth:     It makes you less stealthy.
 e - a +1 dagger of electrocution (weapon)
Armour
 b - a +0 scale mail (worn)
 c - a +0 buckler (worn)
Scrolls
 g - a scroll of fear
 i - 4 scrolls of identify
 j - a scroll of teleportation
Potions
 h - a potion of cancellation


   Skills:
 + Level 4.5 Fighting
 + Level 3.4 Long Blades
 + Level 4.5 Armour
 + Level 4.0 Shields


You had 3 spell levels left.
You didn't know any spells.
Your spell library contained the following spells:

 Spells                   Type           Power      Damage    Failure   Level
 Ensorcelled Hibernation  Hex/Ice        0%         N/A       89%         2
 Call Canine Familiar     Summ           0%         N/A       98%         3
 Portal Projectile        Hex/Tloc       0%         N/A       98%         3
 Spider Form              Tmut/Pois      0%         N/A       98%         3
 Leda's Liquefaction      Hex/Erth       0%         N/A       100%        4


Dungeon Overview and Level Annotations

Branches:
Dungeon (4/15)
 Temple: D:4-7

Altars:
Ashenzari

Shops:
D:2 :


Innate Abilities, Weirdness & Mutations

You are amphibious.
You cover ground slowly.
You can hop short distances.
You have an extended range of vision and can be seen from far away.


Message History

The wight is almost destroyed.
The wight closely misses you.
You closely miss the wight.
The wight is almost destroyed.
You block the wight's attack.
You hit the wight but do no damage. Lightning courses through the wight!
You destroy the wight!
Your life force feels restored.
Your Shields skill increases to level 4!
No target in view!
No target in view!
You start resting.
You are ready to hop once more.
You start resting.
You start resting.
HP restored.
You start waiting.
Done waiting.
You start waiting.
Done waiting.
You can't go down here!
You climb upwards.
The wight hits you with a +3 mace of freezing!
You feel drained. The wight freezes you.
There is a stone staircase leading down here.
You block the wight's attack. The wight closely misses you.
You climb downwards.
There is a stone staircase leading up here.
The wight hits you with a +0 battleaxe!
* * * LOW HITPOINT WARNING * * *
Okay, then.
Hop to where?
Press: ? - help, Dir - move target Boing!
You feel very mighty all of a sudden. Something appears at your feet!
Okay, then.
d - the +2 double sword "Spiderslayer" {distort, rPois rF+ rC+ Stlth-} The wight hits you with a +0 battleaxe!
You die...

#.######.##.
#.#.........
#.#.........
#.#.........
........... ###
#.......... ..
#.......... #.
#..........
#[####z@.......#
#.<.°z..$.##....
#..######.# #..#
.# #..# # #..#
##.# ###


You could see 2 wights.

Vanquished Creatures
  A wight (D:4)
  An adder (D:2)
  A worm (D:2)
  2 dart slugs (D:1)
  7 ball pythons
  3 endoplasms
  5 goblins
  4 hobgoblins
  2 jackals (D:1)
  2 kobolds (D:1)
  A quokka (D:2)
  4 bats (D:1)
  2 frilled lizards
  5 rats
40 creatures vanquished.

Notes
Turn   | Place    | Note
-------+----------+-------------------------------------------
     0 | D:1      | KoroneIsBestGirl the Barachi Fighter began the quest for
                  | the Orb.
     0 | D:1      | Reached XP level 1. HP: 18/18 MP: 1/1
   162 | D:1      | Reached XP level 2. HP: 25/25 MP: 2/2
   597 | D:1      | Reached XP level 3. HP: 30/30 MP: 3/3
   797 | D:2      | Found a broken altar of Ashenzari.
   908 | D:2      | Found Nequut's Book Shoppe.
  1327 | D:2      | Became a worshipper of Ashenzari the Shackled
  1327 | D:2      | Identified a scroll of acquirement
  1364 | D:3      | Reached XP level 4. HP: 37/37 MP: 4/4
  1772 | D:4      | Acquired the +2 double sword "Spiderslayer" {distort, rPois
                  | rF+ rC+ Stlth-}
  1773 | D:4      | Slain by a wight

Illustrated notes

Levels and vault maps discovered:
D:1:      mrwooster_arrival_statue, layout_rooms
D:2:      layout_basic, serial_shops, shop, basic_altar, moated_statue,
          minmay_pentomino_w2
D:3:      layout_loops_ring, hangedman_decor_opposing, lemuel_old_faithful
D:4:      layout_basic, minmay_temple_entry_statues_pillars, uniq_menkaure,
          uniq_eustachio

Skill      XL: |  1  2  3  4 |
---------------+-------------+-----
Armour         | 4 |  4.5
Fighting       | 4 |  4.5
Long Blades    | 3 |  3.4
Shields        | 4 |  4.0

Action                   |  1- 3 |  4- 6 || total
-------------------------+-------+-------++-------
Melee: Long sword        |    28 |       ||    28
       Dagger            |    85 |    10 ||    95
 Abil: Hop               |       |     2 ||     2
  Use: Scroll            |       |     1 ||     1
       Potion            |       |     1 ||     1
Armor: Scale mail        |    39 |     2 ||    41
Dodge: Dodged            |    51 |     5 ||    56
Block: Buckler           |    25 |     3 ||    28

Table legend: (Time is in decaauts)
 A = Elapsed time spent in this place.
 B = Non-inter-level travel time spent in this place.
 C = Inter-level travel time spent in this place.
 D = Time resting spent in this place.
 E = Time spent auto-exploring this place.
 F = Levels seen in this place.
 G = Mean time per level.
                   A        B        C        D        E       F      G
               +--------+--------+--------+--------+--------+-----+--------+
         Total |   1924 |   1860 |     64 |    339 |   1223 |   4 |  481.0 |
       Dungeon |   1924 |   1860 |     64 |    339 |   1223 |   4 |  481.0 |
               +--------+--------+--------+--------+--------+-----+--------+

Top non-repeatable levels by time:
     D:1: 874 daAuts
     D:2: 601 daAuts
     D:4: 355 daAuts
     D:3: 93 daAuts
